 Dungeon Crawl Stone Soup version 0.24-a0-441-g27f0392e16 (webtiles) character file.

Game seed: 11923407127241022592

281 MisterFreud the Conjurer (level 6, -1/36 HPs)
             Began as an Octopode Fire Elementalist on June 19, 2019.
             Killed from afar by Sigmund (12 damage)
             ... with a puff of flame
             ... on level 3 of the Dungeon.
             The game lasted 00:05:35 (3012 turns).

MisterFreud the Conjurer (OpFE)                     Turns: 3012, Time: 00:05:36

Health: -1/36      AC:  1    Str:  7    XL:     6   Next: 27%
Magic:  6/10       EV: 13    Int: 20    God:
Gold:   147        SH:  0    Dex: 12    Spells: 3/11 levels left

rFire    . . .     SeeInvis .   o - +5 spear
rCold    . . .     Gourm    .   (no shield)
rNeg     . . .     Faith    .   (helmet restricted)
rPois    .         Spirit   .   (no amulet)
rElec    .         Reflect  .   (no ring)
rCorr    .         Harm     .   (no ring)
MR       .....                  (no ring)
Stlth    +++.......             (no ring)
HPRegen  0.12/turn              (no ring)
MPRegen  0.12/turn              (no ring)
                                (no ring)
                                (no ring)

@: lethally poisoned (-1 -> -4)
A: almost no armour, stealthy swim, amphibious, 8 rings, constrict 8, camouflage
1, gelatinous body 1
a: no special abilities


You were on level 3 of the Dungeon.
You were not hungry.

You visited 1 branch of the dungeon, and saw 3 of its levels.

You collected 147 gold pieces.

Inventory:

Hand Weapons
 e - a +0 dagger
 h - a +0 spear
 j - a +1 spear of piercing
 o - a +5 spear (weapon)
Missiles
 a - 90 stones (quivered)
 c - 14 arrows
 f - 72 bolts
 g - 51 sling bullets
Armour
 n - a +0 shield
Wands
 m - a wand of random effects (12)
Scrolls
 l - a scroll of fog
Potions
 d - a potion of mutation
 i - a potion of heal wounds
 k - 2 potions of resistance {unknown}
 q - a potion of curing {unknown}
Comestibles
 b - 4 rations
 p - 3 chunks of flesh


   Skills:
 - Level 2.0 Dodging
 - Level 2.6 Stealth
 - Level 3.1 Spellcasting
 + Level 4.4 Conjurations
 + Level 4.4 Fire Magic


You had 3 spell levels left.
You knew the following spells:

 Your Spells              Type           Power        Failure   Level  Hunger
a - Flame Tongue          Conj/Fire      ###..        2%          1    None
b - Conjure Flame         Conj/Fire      ###.....     7%          3    ###....
c - Sticky Flame          Conj/Fire      ###.....     22%         4    ####...

Your spell library contained the following spells:

 Spells                   Type           Power        Failure   Level  Hunger
 Throw Flame              Conj/Fire      ###...       3%          2    ##.....
 Inner Flame              Hex/Fire       ##......     17%         3    ###....
 Fireball                 Conj/Fire      ###.......   54%         5    ######.


Dungeon Overview and Level Annotations

Branches:
Dungeon (3/15)

Altars:
Ru

Annotations:
D:3 Sigmund


Innate Abilities, Weirdness & Mutations

You cannot wear most types of armour.
You are very stealthy in the water. (Stealth+)
You are amphibious.
You can wear up to eight rings at the same time.
You can use your tentacles to constrict eight enemies at once.
Your skin changes colour to match your surroundings (Stealth+).
Your rubbery body absorbs attacks. (AC +1, EV +1)


Message History

Aiming: Sticky Flame (slightly dangerous; 22% risk of failure)
Press: ? - help, Shift-Dir - straight line, f/p - Sigmund
Aim: Sigmund, wielding a +2 scythe of venom and wearing a +0 robe of positive energy The sticky flame hits Sigmund.
Sigmund is lightly wounded.
Sigmund is covered in liquid flames!
The orc priest shouts!
The orc shouts!
You hear a shout!
Sigmund burns!
Sigmund hits you with a +2 scythe of venom.
The orc priest calls down the wrath of Beogh upon you.
Beogh smites you!
An orc priest comes into view. It is wielding a +0 flail.
The rat bites you.
The orc priest shouts!
You hit Sigmund but do no damage. Your grab misses Sigmund.
Sigmund is moderately wounded.
You feel sick.
Sigmund burns!
The rat bites you. Sigmund casts a spell at you. The puff of flame hits you!
You die...

#.#8#.......#
#.#s#.#.#####
## #.#.#.#.#
..#.# #.#.#
#.#.# #.#.#
####.#.# #.#.#
.......###...#
#..r.....##
#..@.#####
#.@### ....o
#.####o .o ##


You could see Sigmund (burning), 2 orc priests, an orc and a rat.

Vanquished Creatures
  3 wights (D:2)
  Jessica (D:2)
  Natasha (thrice) (D:2)
  An adder (D:2)
  2 oozes (D:1)
  2 leopard geckos
  An orc (D:3)
  A ball python (D:1)
  5 goblins
  5 hobgoblins
  7 jackals
  4 bats
  7 frilled lizards
  3 kobolds
  2 rats (D:1)
47 creatures vanquished.

Notes
Turn   | Place    | Note
-------+----------+-------------------------------------------
     0 | D:1      | MisterFreud the Octopode Fire Elementalist began the quest
                  | for the Orb.
     0 | D:1      | Reached XP level 1. HP: 11/11 MP: 3/3
   147 | D:1      | Reached XP level 2. HP: 12/17 MP: 1/5
  1008 | D:1      | Reached XP level 3. HP: 21/21 MP: 6/6
  1659 | D:2      | Found a sacrificial altar of Ru.
  1695 | D:2      | Noticed Natasha
  1797 | D:2      | Killed Natasha
  1797 | D:2      | Reached XP level 4. HP: 13/27 MP: 2/7
  1943 | D:2      | Learned a level 3 spell: Conjure Flame
  1994 | D:2      | Noticed Natasha
  2015 | D:2      | Killed Natasha
  2120 | D:2      | Noticed Natasha
  2129 | D:2      | Killed Natasha
  2129 | D:2      | Reached XP level 5. HP: 15/31 MP: 6/9
  2401 | D:2      | Learned a level 4 spell: Sticky Flame
  2653 | D:2      | Reached XP level 6. HP: 34/36 MP: 6/10
  2778 | D:2      | Noticed Jessica
  2783 | D:2      | Killed Jessica
  3003 | D:3      | Noticed Sigmund
  3012 | D:3      | Killed from afar by Sigmund

Levels and vault maps discovered:
D:1:      dpeg_arrival_boxes_within_box, layout_basic, minmay_misc_feat_iff,
          chequers_serial_rivers_small_3, minmay_lizard_pond
D:2:      layout_loops_cross, nicolae_ru_the_path_less_chosen,
          chequers_serial_rivers_small_b, serial_bayou_lagoon_a, uniq_jessica,
          uniq_natasha
D:3:      layout_loops_corners, grunt_temple_overflow_lords_of_destruction,
          lemuel_statue_altar, uniq_grinder, uniq_sigmund

Skill      XL: |  1  2  3  4  5 |
---------------+----------------+-----
Conjurations   | 2 3 4 |  4.4
Spellcasting   | 3 |  3.1
Fire Magic     | 4 |  4.4
Dodging        | |  2.0
Stealth        | |  2.6

Action                   |  1- 3 |  4- 6 || total
-------------------------+-------+-------++-------
Melee: Unarmed           |     6 |       ||     6
       Spear             |    82 |    43 ||   125
       Constrict         |    20 |     7 ||    27
       Tentacles         |     8 |     3 ||    11
 Cast: Flame Tongue      |    14 |     9 ||    23
       Sticky Flame      |       |     2 ||     2
  Use: Scroll            |     7 |       ||     7
 Stab: Sleeping          |     9 |     5 ||    14
  Eat: Chunk             |     3 |     4 ||     7
Armor: Skin              |    12 |       ||    12
Dodge: Dodged            |    56 |    28 ||    84

Table legend:
 A = Non-vault XP
 B = Vault XP
 C = Vault XP percentage of total XP
 D = Non-vault monster count
 E = Vault monster count
 F = Vault count percentage of total count
                 A         B        C        D         E       F
            +---------+---------+-------+---------+---------+-------
      Total |     325 |      77 |  19.2 |      40 |       7 |  14.9
            +---------+---------+-------+---------+---------+-------
        D:1 |      46 |       5 |   9.8 |      20 |       5 |  20.0
        D:2 |     271 |      72 |  21.0 |      16 |       2 |  11.1
        D:3 |       8 |       0 |   0.0 |       4 |       0 |   0.0
            +---------+---------+-------+---------+---------+-------
